 Dungeon Sprint DCSS version 0.31-a0-1071-gaead2f62b1 (webtiles) character file.

Game seed: 4292978001486258058

56 rocky1 the Cudgeller (level 3, -8/58 HPs)
             Began as an Ogre Gladiator on Nov 26, 2023.
             Mangled by an ogre
             ... wielding a +0 giant club
              (34 damage)
             ... in the Dungeon (Sprint IX: "|||||||||||||||||||||||||||||").
             The game lasted 00:00:13 (64 turns).

rocky1 the Cudgeller (Ogre Gladiator)                 Turns: 64, Time: 00:00:13

Health: -8/58      AC:  3    Str: 20    XL:     3   Next: 97%
Magic:  3/3        EV: 11    Int:  9    God:
Gold:   0          SH:  0    Dex: 10    Spells: 2/2 levels left

rFire   . . .        a - +0 flail
rCold   . . .        (no shield)
rNeg    . . .        b - +0 robe
rPois   .            c - +0 hat
rElec   .            (no cloak)
rCorr   .            (gloves unavailable)
SInv    .            (boots unavailable)
Will    .....        (no amulet) Stlth
                     (no ring)
HPRegen 0.29/turn    (no ring)
MPRegen 0.08/turn

%: no teleportation
@: berserking (expiring), very quick
A: large, unfitting armour, tough skin 1
a: no special abilities


You were in the Dungeon.
You visited 1 branch

Inventory:

Hand Weapons
 a - a +0 flail (weapon)
Missiles
 d - 3 throwing nets (quivered)
 e - a large rock
Armour
 b - a +0 robe (worn)
 c - a +0 hat (worn)
Scrolls
 k - a scroll of blinking
Potions
 f - a potion of curing
 g - a potion of heal wounds
 h - a potion of haste
 i - 2 potions of magic


   Skills:
 + Level 4.2 Fighting
 + Level 5.2 Maces & Flails
 + Level 2.8 Throwing
 + Level 4.7 Dodging


You had 2 spell levels left.
You didn't know any spells.
Your spell library was empty.

Dungeon Overview and Level Annotations

Branches:
Dungeon (1/1)

Altars:


Innate Abilities, Weirdness & Mutations

You are too large for most types of armour.
You have tough skin. (AC +1)


Message History

The hound bites you but does no damage.
You hit the hound.
The hound is moderately wounded.
The hound bites you. x2
You barely miss the hound.
The hound is moderately wounded.
The hound misses you.
You thump the hound!
You kill the hound!
Your Maces & Flails skill increases to level 4!
Your Dodging skill increases to level 4!
You have reached level 2!
You have reached level 3!
Your experience leads to an increase in your attributes!
Increase (S)trength, (I)ntelligence, or (D)exterity?
You feel stronger. x3
Unknown command.
The white imp disappears for a moment.
The iguana bites you!
There is an open door, spattered with blood here.
You closely miss the iguana. The iguana barely misses you.
You sock the iguana!
The iguana is severely wounded.
The iguana bites you.
You closely miss the iguana.
The iguana is severely wounded.
The iguana hisses menacingly.
The iguana bites you!
You bludgeon the iguana!!
You kill the iguana!
Your Fighting skill increases to level 4!
Your Maces & Flails skill increases to level 5!
The ogre hits you with a +0 giant club!
You hit the ogre.
The ogre is moderately wounded.
You sock the ogre!
The ogre is severely wounded.
The ogre hits you with a +0 giant club!!
Ouch! That really hurt!
You die... ▓▓▓▓▓▓▓▓▓▓▓▓▓▓▓▓▓▓ +.c5O@'....†'...<▓ ▓▓▓▓▓▓▓▓▓▓▓▓▓▓▓▓▓▓

You could see an ogre, a centaur and a white imp.

Vanquished Creatures
  A hound (D)
  An iguana (D)
  A quokka (D)
  2 ball pythons (D)
  A bat (D)
  A rat (D)
7 creatures vanquished.

Notes
Turn   | Place    | Note
-------+----------+-------------------------------------------
     0 | D        | rocky1 the Ogre Gladiator began the quest for the Orb.
     0 | D        | Reached XP level 1. HP: 22/22 MP: 1/1
    13 | D        | Reached skill level 3 in Maces & Flails
    52 | D        | Noticed a centaur
    52 | D        | Noticed an ogre
    52 | D        | Noticed an iguana
    52 | D        | Noticed a hound
    56 | D        | Killed a hound
    57 | D        | Reached skill level 4 in Maces & Flails
    57 | D        | Reached XP level 2. HP: 32/32 MP: 2/2
    57 | D        | Reached XP level 3. HP: 39/39 MP: 3/3
    62 | D        | Reached skill level 5 in Maces & Flails
    64 | D        | Mangled by an ogre

Illustrated notes

Levels and vault maps discovered:
D:        linesprint [early_d, line_temple, items_1, d_10, items_2, lair_1,
          lair_end, items_3, orc_1, orc_end, items_4, d_15, swamp_1, shoals_1,
          snake_1, spider_1, d_20, vaults_1, items_5, swamp_end, shoals_end,
          snake_end, spider_end, vaults_end, d_27, items_6, zot_1, zot_end,
          crypt_end, forest_end, elf_end, slime_end, tomb_end, abyss_end,
          pan_hell_end]

Skill      XL: |  1  2  3 |
---------------+----------+-----
Maces & Flails | 4 5 |  5.2
Dodging        | 4 |  4.7
Fighting       | 3 4 |  4.2
Throwing       | |  2.8

Action                     || total
---------------------------++-------
  Melee: Flail             ||    26
    Use: Potion            ||     1
 Armour: Robe              ||    18
  Dodge: Dodged            ||    16

Table legend: (Time is in decaauts)
 A = Elapsed time spent in this place.
 B = Non-inter-level travel time spent in this place.
 C = Inter-level travel time spent in this place.
 D = Time resting spent in this place.
 E = Time spent auto-exploring this place.
 F = Levels seen in this place.
 G = Mean time per level.
                   A        B        C        D        E       F      G
               +--------+--------+--------+--------+--------+-----+--------+
         Total |     66 |     66 |      0 |     25 |      0 |   1 |   66.0 |
       Dungeon |     66 |     66 |      0 |     25 |      0 |   1 |   66.0 |
               +--------+--------+--------+--------+--------+-----+--------+

Top non-repeatable levels by time:
       D: 66 daAuts
